 Dungeon Crawl Stone Soup version 0.29-a0-723-gce39da1c22 (webtiles) character file.

Game seed: 7915543962094399759

76 gobodom the Chiller (level 4, -1/30 HPs)
             Began as a Demonspawn Ice Elementalist on June 28, 2022.
             Was a Follower of Qazlal.
             Slain by a gnoll
             ... wielding a +0 flail
             ... led by a gnoll shaman
              (11 damage)
             ... on level 2 of the Dungeon.
             The game lasted 00:06:23 (1722 turns).

gobodom the Chiller (Demonspawn Ice Elementalist)   Turns: 1722, Time: 00:06:25

Health: -1/30      AC:  4    Str: 11    XL:     4   Next: 12%
Magic:  1/8        EV: 12    Int: 16    God:    Qazlal [*.....]
Gold:   58         SH:  2    Dex: 13    Spells: 7/8 levels left

rFire   . . .      SeeInvis .   g - +0 club
rCold   . . .      Faith    .   (no shield)
rNeg    . . .      Spirit   .   a - +0 robe
rPois   .          Reflect  .   (no helmet)
rElec   .          Harm     .   (no cloak)
rCorr   .          Rampage  .   (no gloves)
Will    +....                   (no boots)
Stlth   ++........              (no amulet)
HPRegen 0.10/turn               k - ring of willpower
MPRegen 0.11/turn               (no ring)

@: no status effects
A: icy blue scales 1
a: Renounce Religion


You were on level 2 of the Dungeon.
You worshipped Qazlal.
Qazlal was aware of your devotion.
You visited 1 branch of the dungeon, and saw 2 of its levels.

You collected 58 gold pieces.

Inventory:

Hand Weapons
 g - a +0 club (weapon)
Armour
 a - a +0 robe (worn)
Jewellery
 k - a ring of willpower (left hand)
Wands
 j - a wand of mindburst (19)
Scrolls
 f - a scroll of magic mapping {unknown}
 h - 2 scrolls of identify {unknown}
Potions
 b - 2 potions of magic
 c - a potion of heal wounds {unknown}
 d - a potion of curing {unknown}
 i - a potion of ambrosia {unknown}


   Skills:
 + Level 0.3 Fighting
 + Level 0.3 Maces & Flails
 + Level 2.0 Dodging
 + Level 1.8 Stealth
 + Level 2.8 Spellcasting
 + Level 4.4 Ice Magic


You had 7 spell levels left.
You knew the following spells:

 Your Spells              Type           Power      Damage    Failure   Level
a - Freeze                Ice            64%        1d8       3%          1

Your spell library contained the following spells:

 Spells                   Type           Power      Damage    Failure   Level
 Frozen Ramparts          Ice            32%        1d5       9%          3
 Ozocubu's Armour         Ice            16%        N/A       9%          3
 Sandblast                Erth           4%         2d4       19%         1
 Passwall                 Tmut/Erth      1%         N/A       28%         2
 Ignite Poison            Fire/Tmut/Pois 2%         N/A       50%         3
 Mephitic Cloud           Conj/Pois/Air  2%         N/A       50%         3
 Stone Arrow              Conj/Erth      4%         3d7       50%         3
 Hailstorm                Conj/Ice       9%         3d4       58%         4
 Freezing Cloud           Conj/Ice/Air   3%         6-21      96%         5


Dungeon Overview and Level Annotations

Branches:
Dungeon (2/15)

Altars:
Qazlal

Shops:
D:2 *


Innate Abilities, Weirdness & Mutations

You are partially covered in icy blue scales. (AC +2)


Message History

You freeze the gnoll!
The gnoll is severely wounded.
The gnoll hits you but does no damage. The gnoll hits you with a +0 flail.
Casting: Freeze (safe; 3% risk of failure)
Confirm with . or Enter, or press ? or * to list all spells.
Aiming: Freeze (safe; 3% risk of failure)
Press: ? - help, Shift-Dir - straight line, f/p - gnoll
Aim: a gnoll, wielding a +0 spear (severely wounded, fast)
You freeze the gnoll.
You kill the gnoll!
Qazlal accepts your kill. The gnoll closely misses you.
You have reached level 4!
You feel stronger.
Casting: Freeze (safe; 3% risk of failure)
Confirm with . or Enter, or press ? or * to list all spells.
You don't have enough magic to cast this spell.
You hit the gnoll but do no damage. The gnoll barely misses you.
You hit the gnoll but do no damage. The gnoll hits you with a +0 flail.
The gnoll closely misses you.
You closely miss the gnoll. The frilled lizard bites you.
* * * LOW HITPOINT WARNING * * *
The gnoll barely misses you. The gnoll attacks as you move away!
The gnoll hits you but does no damage.
Things that are here:
a +0 club; a +0 leather armour; a gnoll corpse The frilled lizard closely misses you.
You hit the gnoll but do no damage. The gnoll barely misses you.
You hit the gnoll.
The gnoll is moderately wounded.
The gnoll barely misses you. The gnoll hits you but does no damage.
Casting: Freeze (safe; 3% risk of failure)
Confirm with . or Enter, or press ? or * to list all spells.
Aiming: Freeze (safe; 3% risk of failure)
Press: ? - help, Shift-Dir - straight line, f - gnoll
Aim: a gnoll, wielding a +0 flail (moderately wounded)
You freeze the gnoll.
The gnoll is almost dead.
The gnoll hits you with a +0 flail!
You die...

#########
#.......#
#.#####.#
####.#####.#
#.(.....##.#
#.#...#.######
#)...........#
###lg8.8.8##.#
###@⌠.⌠.##.#
#8.∩.8#..#
######.⌠.⌠.#.##
#.....8.8.8#.#
#....†###.##.#
........#
#.##.####
###.....#
#.......#
#.....#
##.#.##.#
#######
#.#..#.#


You could see a gnoll and a frilled lizard.

Vanquished Creatures
  A gnoll shaman (D:2)
  2 gnolls (D:2)
  A dart slug (D:1)
  4 endoplasms
  2 giant cockroaches (D:1)
  3 hobgoblins
  A quokka (D:1)
  A ball python (D:1)
  3 bats
  A frilled lizard (D:1)
  2 goblins
  A kobold (D:1)
  7 rats
29 creatures vanquished.

Notes
Turn   | Place    | Note
-------+----------+-------------------------------------------
     0 | D:1      | gobodom the Demonspawn Ice Elementalist began the quest for
                  | the Orb.
     0 | D:1      | Reached XP level 1. HP: 13/13 MP: 3/3
   298 | D:2      | Reached skill level 4 in Ice Magic
   298 | D:2      | Gained mutation: You are partially covered in icy blue
                  | scales. (AC +2) [demonic ancestry]
   298 | D:2      | Reached XP level 2. HP: 2/19 MP: 0/5
  1081 | D:1      | Reached XP level 3. HP: 24/24 MP: 4/6
  1132 | D:1      | Found a faded altar of an unknown god.
  1362 | D:1      | Prayed at the altar of an unknown god.
  1362 | D:1      | Became a worshipper of Qazlal Stormbringer
  1362 | D:1      | Reached * piety under Qazlal
  1641 | D:2      | Found Zyogail's Assorted Antiques.
  1714 | D:2      | Reached XP level 4. HP: 11/30 MP: 0/8
  1722 | D:2      | Slain by a gnoll

Illustrated notes

Levels and vault maps discovered:
D:1:      elethiomel_arrival_maze, layout_rooms, ebering_ecumenical_altar_box
D:2:      layout_loops_cross, serial_shops,
          nicolae_shop_temple_entry_statues_fountains, columned_hall_lemuel

Skill      XL: |  1  2  3 |
---------------+----------+-----
Ice Magic      | 4 |  4.4
Dodging        | 2 |  2.0
Fighting       | |  0.3
Maces & Flails | |  0.3
Stealth        | |  1.8
Spellcasting   | |  2.8

Action                   |  1- 3 |  4- 6 || total
-------------------------+-------+-------++-------
Melee: Unarmed           |    11 |       ||    11
       Club              |    29 |     5 ||    34
Throw: Dart              |     2 |       ||     2
 Cast: Freeze            |    39 |     1 ||    40
Armor: Robe              |    35 |     2 ||    37
Dodge: Dodged            |    70 |     6 ||    76
Block: Other             |     1 |       ||     1

Table legend: (Time is in decaauts)
 A = Elapsed time spent in this place.
 B = Non-inter-level travel time spent in this place.
 C = Inter-level travel time spent in this place.
 D = Time resting spent in this place.
 E = Time spent auto-exploring this place.
 F = Levels seen in this place.
 G = Mean time per level.
                   A        B        C        D        E       F      G
               +--------+--------+--------+--------+--------+-----+--------+
         Total |   1731 |   1679 |     52 |    267 |   1074 |   2 |  865.5 |
       Dungeon |   1731 |   1679 |     52 |    267 |   1074 |   2 |  865.5 |
               +--------+--------+--------+--------+--------+-----+--------+

Top non-repeatable levels by time:
     D:1: 1116 daAuts
     D:2: 614 daAuts
